 Dungeon Crawl Stone Soup version 0.27.1-34-g3ba077fa99 (webtiles) character file.

Game seed: 8612195583577418666

4 cbfl8 the Sneak (level 1, -2/20 HPs)
             Began as a Minotaur Delver on Jan 20, 2022.
             Slain by an orc priest (5 damage)
             ... on level 5 of the Dungeon.
             The game lasted 00:00:13 (68 turns).

cbfl8 the Sneak (Minotaur Delver)                     Turns: 68, Time: 00:00:14

Health: -2/20      AC:  3    Str: 16    XL:     1   Next: 50%
Magic:  0/0        EV: 11    Int:  7    God:
Gold:   16         SH:  0    Dex: 11    Spells: 0/0 levels left

rFire    . . .     SeeInvis .   a - +0 hand axe
rCold    . . .     Faith    .   (no shield)
rNeg     . . .     Spirit   .   b - +0 leather armour
rPois    .         Reflect  .   (helmet restricted)
rElec    .         Harm     .   (no cloak)
rCorr    .         Rampage  .   (no gloves)
Will     .....                  (no boots)
Stlth    ++........             (no amulet)
HPRegen  0.06/turn              (no ring)
MPRegen  0.07/turn              (no ring)

@: no status effects
A: horns 2, retaliatory headbutt
a: no special abilities


You were on level 5 of the Dungeon.
You visited 1 branch of the dungeon, and saw 1 of its levels.

You collected 16 gold pieces.

Inventory:

Hand Weapons
 a - a +0 hand axe (weapon)
Armour
 b - a +0 leather armour (worn)
Wands
 g - a wand of digging (3)
Scrolls
 c - a scroll of fog
 d - a scroll of magic mapping
 e - a scroll of fear
Potions
 f - a potion of haste
 h - a potion of curing {unknown}


   Skills:
 + Level 3.6 Fighting
 + Level 2.4 Axes
 + Level 2.2 Dodging
 + Level 4.2 Stealth


You couldn't memorise any spells.
You didn't know any spells.
Your spell library was empty.

Dungeon Overview and Level Annotations

Branches:
Dungeon (5/15)
 Temple: D:4-7

Altars:


Innate Abilities, Weirdness & Mutations

You have a pair of horns on your head.
You reflexively headbutt those who attack you in melee.


Message History

You now have 16 gold pieces.
A gnoll comes into view. It is wielding a +0 halberd.
A gnoll comes into view. It is wielding a +0 spear.
A gnoll comes into view. It is wielding a +0 spear.
The gnoll shouts! x2
The gnoll moves out of view.
The gnoll shouts!
An orc comes into view. It is wielding a +0 hand axe.
An orc comes into view. It is wielding a +0 hand axe.
The orc shouts!
You hear a shout! x2; The orc shouts!
An orc comes into view. It is wielding a +0 short sword.
You hear a shout!
The orc throws a boomerang.
The boomerang closely misses you.
An orc and an orc priest come into view.
Found 5 gold pieces.
The orc shouts!
The orc moves out of view.
You closely miss the orc. x2; The orc closely misses you.
You furiously retaliate!
You headbutt the orc!
You kill the orc!
The orc hits you but does no damage.
You barely miss the orc. Your headbutt misses the orc. You hit the orc priest.
The orc priest hits you with a +0 falchion.
The orc misses you.
The orc hits you from afar with a +0 trident.
You slash the orc!
You kill the orc!
You completely miss the orc priest.
The orc priest hits you with a +0 falchion.
The orc hits you from afar with a +0 trident.
You hit the orc but do no damage. You hit the orc priest.
The orc priest hits you with a +0 falchion.
* * * LOW HITPOINT WARNING * * *
The orc hits you with a +0 hand axe.
* * * LOW HITPOINT WARNING * * *
The orc closely misses you.
Unknown command.
You closely miss the orc. You hit the orc priest.
The orc priest hits you with a +0 falchion.
You die...

#. ####... ##...$.
#..o. #oo# #.#
#@######.# #.......[.
#.######.##
#..........
#g#.#.##.#####..
#g#.#...........
#.#.#.##>.......
#g#.#....#########
..#+#.#..............#


You could see an orc priest, 3 gnolls and 2 orcs.

Vanquished Creatures
  2 orcs (D:5)
2 creatures vanquished.

Notes
Turn   | Place    | Note
-------+----------+-------------------------------------------
     0 | D:5      | cbfl8 the Minotaur Delver began the quest for the Orb.
     0 | D:5      | Reached XP level 1. HP: 19/19 MP: 0/0
    63 | D:5      | Noticed an orc priest
    68 | D:5      | Slain by an orc priest

Illustrated notes

Levels and vault maps discovered:
D:5:      minmay_polygon_palace, layout_basic,
          chequers_temple_overflow_statue_of_worship, minmay_fountain_box,
          uniq_eustachio

Action                   || total
-------------------------++-------
Melee: Hand axe          ||     5
Armor: Leather armour    ||     1
Dodge: Dodged            ||     4
